 Dungeon Crawl Stone Soup version 0.17-a0-1951-g62301d3 (webtiles) character file.

1587 glosham the Grave Robber (level 8, -3/70 HPs)
             Began as a Demigod Skald on Oct 2, 2015.
             Splashed by a brown ugly thing's acid (5 damage)
             ... on level 6 of the Dungeon.
             The game lasted 01:12:19 (3615 turns).

glosham the Grave Robber (Demigod Skald)            Turns: 3615, Time: 01:12:19

Health: -3/70      AC: -1    Str: 19    XL:     8   Next: 35%
Magic:  13/13      EV: 11    Int: 16    God:
Gold:   50         SH:  0    Dex: 15    Spells: 3 memorised, 4 levels left

rFire  + . .     SeeInvis +     a - +3 quarterstaff (pain)
rCold  + . .     Clarity  .     X - +2 leather armour {rC+}
rNeg   . . .     SustAt   +     (no shield)
rPois  .         Gourm    .     U - +1 helmet {SInv}
rElec  .         Spirit   .     (no cloak)
rCorr  .         Warding  .     V - +2 pair of gloves
rMut   .         Stasis   .     (no boots)
MR     .....                    (no amulet)
Stlth  +.........               (no ring)
                                A - ring of protection from fire

@: corroded equipment, not resistant to hostile enchantments, very unstealthy
A: breathe flames 1, high mp 1, regeneration 1, sustain attributes, MP-powered
wands
a: Breathe Fire


You were on level 6 of the Dungeon.
You were not hungry.

You visited 1 branch of the dungeon, and saw 7 of its levels.

You collected 302 gold pieces.
You spent 252 gold pieces at shops.

Inventory:

Hand weapons
 a - a +3 quarterstaff of pain (weapon)
 b - a +0 dagger of venom
 c - a +0 hunting sling
 h - a +0 war axe
 n - a +1 dagger of freezing
 r - a +0 hand axe
 x - a +0 quarterstaff
 B - a +0 war axe
 C - a +0 war axe
Missiles
 e - 109 stones
 j - 16 tomahawks (quivered)
 o - 3 javelins
 t - 15 bolts of frost
 u - 46 bolts
 E - 17 arrows
Armour
 D - a +0 plate armour
 U - a +1 helmet of see invisible (worn)
 V - a +2 pair of gloves (worn)
 X - a +2 leather armour of cold resistance (worn)
 Z - a +0 buckler
Jewellery
 A - a ring of protection from fire (left hand)
Magical devices
 g - a wand of flame (36)
 w - a wand of enslavement (17)
 G - a wand of confusion (23)
Scrolls
 f - 2 scrolls of remove curse
 H - a scroll of teleportation
Potions
 k - a potion of brilliance {unknown}
 p - a potion of agility {unknown}
 q - a potion of heal wounds {unknown}
 s - a potion of flight {unknown}
 v - a potion of cancellation {unknown}
 z - a potion of might {unknown}
 F - a potion of haste {unknown}
Books
 i - a book of the Dragon

   Spells                             Type                      Level
   a - Flame Tongue                   Conjuration/Fire             1
   b - Cause Fear                     Hexes                        4
   c - Bolt of Fire                   Conjuration/Fire             6
   d - Dragon Form                    Transmutation                7
   e - Dragon's Call                  Summoning                    9
 m - a book of Battle

   Spells                             Type                      Level
   a - Infusion                       Charms                       1
   b - Shroud of Golubria             Charms/Translocation         2
   c - Song of Slaying                Charms                       2
   d - Spectral Weapon                Hexes/Charms                 3
   e - Regeneration                   Charms/Necromancy            3
 y - a Young Poisoner's Handbook

   Spells                             Type                      Level
   a - Sting                          Conjuration/Poison           1
   b - Cure Poison                    Poison                       2
   c - Mephitic Cloud                 Conjuration/Poison/Air       3
   d - Olgreb's Toxic Radiance        Poison                       4
   e - Venom Bolt                     Conjuration/Poison           5
Comestibles
 d - 2 bread rations
 l - 2 meat rations


   Skills:
 - Level 6.2 Fighting
 - Level 2.0 Axes
 * Level 2.6 Staves
 - Level 0.8 Armour
 - Level 0.8 Dodging
 - Level 1.7 Spellcasting
 - Level 2.6 Charms
 - Level 7.1 Necromancy


You had 4 spell levels left.
You knew the following spells:

 Your Spells              Type           Power        Failure   Level  Hunger
i - Infusion              Chrm           ##....       10%         1    ##.....
r - Regeneration          Chrm/Necr      ###.......   12%         3    ####...
s - Shroud of Golubria    Chrm/Tloc      #.........   24%         2    ###....


Dungeon Overview and Level Annotations

Branches:
Dungeon (7/15)             Temple (0/1) D:4

Shops:
D:4 (   D:6 [


Innate Abilities, Weirdness & Mutations

You have an increased reservoir of magic (+10% MP).
Your attributes are resistant to harm.
You can breathe flames.
Your natural rate of healing is unusually fast.
You expend magic power (3 MP) to strengthen your wands.


Message History

a dagger; a leather armour Eat one of 2 chunks of flesh? (ye/n/q/i?) This raw flesh tastes terrible.
You are feeling hungry.
Eat a chunk of flesh? (ye/n/q/i?) This raw flesh tastes terrible.
j - 16 tomahawks (gained 1)
A brown ugly thing comes into view.
The brown ugly thing gurgles horribly!
Drink which item? (? for menu, Esc to quit)
Okay, then.
Drink which item? (? for menu, Esc to quit)
Okay, then.
You hit the brown ugly thing but do no damage.
The brown ugly thing writhes in agony.
The brown ugly thing is lightly wounded.
The brown ugly thing kicks you.
You are splashed with acid!
The acid burns!
You hit the brown ugly thing.
The brown ugly thing writhes in agony.
The brown ugly thing is lightly wounded.
The brown ugly thing closely misses you.
You hit the brown ugly thing.
The brown ugly thing writhes in agony.
The brown ugly thing is lightly wounded.
The brown ugly thing kicks you.
You are splashed with acid!
The acid corrodes you!
The acid burns!
The brown ugly thing kicks you!
You are splashed with acid!
The acid corrodes you!
The acid burns!
Unknown command.
You sock the brown ugly thing!
The brown ugly thing writhes in agony.
The brown ugly thing is moderately wounded.
The brown ugly thing barely misses you.
You hit the brown ugly thing.
The brown ugly thing writhes in agony.
The brown ugly thing is moderately wounded.
The brown ugly thing kicks you.
You are splashed with acid!
The acid burns!
* * * LOW HITPOINT WARNING * * *
You hit the brown ugly thing but do no damage.
The brown ugly thing writhes in agony.
The brown ugly thing is heavily wounded.
The brown ugly thing kicks you!
* * * LOW HITPOINT WARNING * * *
You are splashed with acid!
The acid corrodes you!
The acid burns!
You die...

<......... ...
.......... ..
......... ..#
.....#...## ..#
.....# #..# ...#
.....# ##.## #...##
.....###...###
##.....#
.............####u#
>..#..###.......@##
.).#### ##.###..##
..#)### #.# ####
#.[#..# ##. #######
##


You could see a brown ugly thing.

Vanquished Creatures
  Pikel (D:4)
  The ghost of graki42 the Magician, an average DEFE (D:4)
  An ice beast (D:7)
  2 ogres (D:4)
  A giant frog (D:6)
  3 hounds
  A jelly (D:6)
  2 giant frog skeletons (D:5)
  4 orc priests
  2 orc wizards
  A centaur skeleton (D:5)
  3 worker ants
  A shadow imp (D:6)
  7 adders
  An adder zombie (D:6)
  2 worms
  3 giant geckos
  23 orcs
  7 bats
  4 giant cockroaches
  9 goblins
  2 hobgoblins (D:3)
  6 jackals
  2 kobolds (D:3)
  3 quokkas
  A giant gecko skeleton (D:5)
  2 giant newts (D:2)
  5 rats
100 creatures vanquished.

Vanquished Creatures (others)
  A fungus (D:5)
1 creature vanquished.

Grand Total: 101 creatures vanquished

Notes
Turn   | Place    | Note
--------------------------------------------------------------
     0 | D:1      | glosham the Demigod Skald began the quest for the Orb.
     0 | D:1      | Reached XP level 1. HP: 17/17 MP: 5/5
    14 | D:1      | Reached skill level 2 in Axes
    84 | D:1      | Reached skill level 2 in Fighting
   376 | D:1      | Reached XP level 2. HP: 23/25 MP: 7/7
   464 | D:3      | Reached skill level 3 in Fighting
   464 | D:3      | Reached XP level 3. HP: 4/31 MP: 8/8
   750 | D:4      | Reached skill level 4 in Fighting
   750 | D:4      | Reached XP level 4. HP: 27/40 MP: 9/9
  1017 | D:2      | Gained mutation: Your natural rate of healing is unusually fast. [potion of mutation]
  1017 | D:2      | Gained mutation: You can breathe flames. [potion of mutation]
  1017 | D:2      | Gained mutation: You expend magic power (3 MP) to strengthen your wands. [potion of mutation]
  1232 | D:4      | Learned a level 3 spell: Regeneration
  1235 | D:4      | Learned a level 2 spell: Shroud of Golubria
  1238 | D:4      | Found Nomaim's Antique Weapon Emporium.
  1267 | D:4      | Reached XP level 5. HP: 43/47 MP: 10/10
  1274 | D:4      | Noticed graki42's ghost (average DEFE)
  1305 | D:4      | Killed graki42's ghost
  1305 | D:4      | Reached skill level 5 in Fighting
  1305 | D:4      | Reached XP level 6. HP: 37/57 MP: 11/11
  1314 | D:4      | Reached skill level 6 in Fighting
  1347 | D:4      | Found an iron altar of Okawaru.
  1803 | D:4      | Reached skill level 1 in Necromancy
  1855 | D:4      | Noticed an ogre
  1870 | D:4      | Reached skill level 2 in Necromancy
  1885 | D:4      | Killed an ogre
  1993 | D:4      | Found a staircase to the Ecumenical Temple.
  2061 | D:4      | Noticed an ogre
  2077 | D:4      | Killed an ogre
  2077 | D:4      | Reached skill level 3 in Necromancy
  2077 | D:4      | Reached XP level 7. HP: 59/63 MP: 12/12
  2181 | D:4      | Noticed a slave
  2182 | D:4      | Noticed Pikel
  2182 | D:4      | Noticed a slave
  2182 | D:4      | Noticed a slave
  2209 | D:4      | Noticed a slave
  2217 | D:4      | Killed Pikel
  2217 | D:4      | Reached skill level 6 in Necromancy
  2325 | D:5      | Entered Level 5 of the Dungeon
  2511 | D:5      | Reached XP level 8. HP: 65/70 MP: 13/13
  2629 | D:5      | Found a sacrificial altar of Ru.
  2789 | D:6      | Found Humebuelua's Antique Armour Shop.
  2812 | D:6      | Bought a glowing helmet for 126 gold pieces
  2973 | D:6      | Found a burning altar of Makhleb.
  2973 | D:6      | Found a shadowy altar of Dithmenos.
  2981 | D:6      | Reached skill level 7 in Necromancy
  3104 | D:6      | Bought a pair of embroidered gloves for 126 gold pieces
  3289 | D:6      | Reached skill level 1 in Staves
  3396 | D:7      | Found a sparkling altar of Nemelex Xobeh.
  3446 | D:7      | Reached skill level 2 in Staves
  3606 | D:6      | Noticed a brown ugly thing
  3615 | D:6      | HP: 2/70 [brown ugly thing (15)]
  3615 | D:6      | Splashed by a brown ugly thing's acid

Vault maps used:
D:1:      dpeg_arrival_tiny_d
D:2:      minivault_4, minmay_misc_feat_more_columns
D:3:      first_bread, st_stairs_12, minivault_23, minmay_tree_intersection
D:4:      minmay_temple_entry_mist, serial_shops, shop, okawaru_gym_becter,
          uniq_pikel
D:5:      minmay_misc_feat_x, nicolae_ru_the_path_less_chosen
D:6:      lemuel_doored_altar, gammafunk_temple_overflow_wave, serial_shops,
          shop, basic_altar
D:7:      basic_altar, grunt_ogre_cave, hangedman_decor_clover_reticule

Action                   |  1- 3 |  4- 6 |  7- 9 || total
-------------------------+-------+-------+-------++-------
Melee: Hand axe          |    58 |    46 |       ||   104
       Dagger            |       |    55 |     4 ||    59
       Quarterstaff      |       |   117 |   118 ||   235
Throw: Javelin           |    14 |     6 |     3 ||    23
       Tomahawk          |       |     1 |     2 ||     3
 Cast: Regeneration      |       |     1 |     5 ||     6
       Shroud of Golubri |       |     1 |       ||     1
  Use: Scroll            |     2 |     3 |     6 ||    11
       Potion            |       |     6 |       ||     6
 Stab: Invisible         |       |     9 |       ||     9
       Sleeping          |       |       |     1 ||     1
  Eat: Beef jerky        |     1 |     1 |       ||     2
       Chunk             |       |     2 |     6 ||     8

Table legend:
 A = Turns spent in this place as a percentage of turns spent in the entire game.
 B = Non-inter-level travel turns spent in this place as a percentage of non-inter-level travel turns spent in the entire game.
 C = Inter-level travel turns spent in this place as a percentage of turns spent in this place.
 D = Turns resting spent in this place as a percentage of non-inter-level travel turns spent in this place.
 E = Turns spent auto-exploring this place as a percentage of non-inter-level travel turns spent in this place.
 F = Non-inter-level travel turns spent in this place divided by the number of levels of this place that you've seen.
                   A       B       C       D       E      F
               +-------+-------+-------+-------+-------+----------------------
         Total | 100.0 | 100.0 |   0.4 |   0.3 |   0.0 | 443.0
       Dungeon | 100.0 | 100.0 |   0.4 |   0.3 |   0.0 | 443.0
               +-------+-------+-------+-------+-------+----------------------

Table legend:
 A = Kills in this place as a percentage of kills in entire the game.
 B = Kills by you in this place as a percentage of kills by you in the entire game.
 C = Kills by friends in this place as a percentage of kills by friends in the entire game.
 D = Other kills in this place as a percentage of other kills in the entire game.
 E = Experience gained in this place as a percentage of experience gained in the entire game.
 F = Experience gained in this place divided by the number of levels of this place that you have seen.
                   A       B       C       D       E      F
               +-------+-------+-------+-------+-------+----------------------
         Total | 100.0 | 100.0 |  -nan |  -nan | 100.0 | 324.0
       Dungeon | 100.0 | 100.0 |  -nan |  -nan | 100.0 | 324.0
               +-------+-------+-------+-------+-------+----------------------

Vault maps used:
D:1:      dpeg_arrival_tiny_d
D:2:      minivault_4, minmay_misc_feat_more_columns
D:3:      first_bread, st_stairs_12, minivault_23, minmay_tree_intersection
D:4:      minmay_temple_entry_mist, serial_shops, shop, okawaru_gym_becter,
          uniq_pikel
D:5:      minmay_misc_feat_x, nicolae_ru_the_path_less_chosen
D:6:      lemuel_doored_altar, gammafunk_temple_overflow_wave, serial_shops,
          shop, basic_altar
D:7:      basic_altar, grunt_ogre_cave, hangedman_decor_clover_reticule
